 Dungeon Crawl Stone Soup version 0.27-a0-1590-g15f69828bf (webtiles) character file.

Game seed: 5942261164417669649

4512 mandarbmax the Cleaver (level 10, -3/91 (94) HPs)
             Began as a Naga Berserker on July 18, 2021.
             Was an Elder of Trog.
             Shot with an arrow by a centaur warrior (20 damage)
             ... on level 8 of the Dungeon.
             The game lasted 00:19:53 (12023 turns).

mandarbmax the Cleaver (Naga Berserker)            Turns: 12023, Time: 00:19:53

HP:   -3/91 (94)    AC:  7    Str: 19 (22) XL:     10   Next: 39%
MP:   10/10         EV:  7    Int:  6 (7)  God:    Trog [****..]
Gold: 345           SH:  7    Dex: 11 (12) Spells: 9/9 levels left

rFire    . . .     SeeInvis +   b - +2 broad axe (flame)
rCold    . . .     Faith    .   A - +0 kite shield
rNeg     + . .     Spirit   .   h - +0 swamp dragon scales
rPois    +         Reflect  .   (no helmet)
rElec    .         Harm     .   (no cloak)
rCorr    .         Rampage  .   (no gloves)
Will     ++...                  (no barding)
Stlth    +.........             k - amulet of the acrobat
HPRegen  0.25/turn              l - ring of positive energy
MPRegen  0.12/turn              j - ring of willpower

@: on berserk cooldown, slowed, lightly drained, very slow
A: AC +3, large, see invisible, deformed body, poison resistance, slowness 2,
spit poison 1, naga tail 1
a: Spit Poison, Renounce Religion, Berserk, Trog's Hand, Brothers in Arms


You were on level 8 of the Dungeon.
You worshipped Trog.
Trog was greatly pleased with you.
You visited 1 branch of the dungeon, and saw 8 of its levels.
You also visited: Ossuary.

You collected 345 gold pieces.

Inventory:

Hand Weapons
 b - a +2 broad axe of flaming (weapon)
Missiles
 d - a curare-tipped dart
 r - 6 boomerangs
 s - 3 javelins
 u - 3 atropa-tipped darts
 D - 6 poisoned darts
Armour
 h - +0 swamp dragon scales (worn)
 w - +0 steam dragon scales
 A - a +0 kite shield (worn)
Jewellery
 j - a ring of willpower (right hand)
 k - an amulet of the acrobat (around neck)
 l - a ring of positive energy (left hand)
Wands
 m - a wand of polymorph (10)
 x - a wand of flame (14)
 y - a wand of iceblast (4)
 C - a wand of mindburst (15)
Scrolls
 a - a scroll of brand weapon {unknown}
 f - 2 scrolls of holy word
 i - 4 scrolls of immolation
 n - 2 scrolls of enchant armour
 o - a scroll of magic mapping
 q - a scroll of blinking {unknown}
 v - a scroll of silence {unknown}
 z - a scroll of fog {unknown}
Potions
 c - 2 potions of cancellation
 e - 2 potions of degeneration
 g - a potion of magic
 p - a potion of curing
 t - a potion of attraction {unknown}
 B - a potion of flight {unknown}


   Skills:
 + Level 7.4 Fighting
 * Level 11.4 Axes
 - Level 2.0 Armour
 + Level 6.0 Dodging


You had 9 spell levels left.
You didn't know any spells.
Your spell library contained the following spells:

 Spells                   Type           Power      Damage    Failure   Level
 Sandblast                Erth           0%         2d4       99%         1
 Sting                    Tmut/Pois      0%         1d3       99%         1
 Passwall                 Tmut/Erth      0%         N/A       100%        2
 Poisonous Vapours        Pois/Air       0%         N/A       100%        2
 Call Canine Familiar     Summ           0%         N/A       100%        3
 Conjure Flame            Conj/Fire      0%         6-21      100%        3
 Ignite Poison            Fire/Tmut/Pois 0%         N/A       100%        3
 Ozocubu's Armour         Ice            0%         N/A       100%        3
 Portal Projectile        Hex/Tloc       0%         N/A       100%        3
 Fulminant Prism          Conj/Hex       0%         3d6       100%        4
 Iskenderun's Mystic Bla  Conj/Tloc      0%         2d3       100%        4
 Leda's Liquefaction      Hex/Erth       0%         N/A       100%        4
 Olgreb's Toxic Radiance  Pois           0%         N/A       100%        4
 Sticky Flame             Conj/Fire      0%         2d3       100%        4
 Lee's Rapid Deconstruct  Erth           0%         3d5*      100%        5
 Ozocubu's Refrigeration  Ice            0%         4d5       100%        7


Dungeon Overview and Level Annotations

Branches:
Dungeon (8/15)             Temple (0/1) D:7         Ossuary (visited)
   Lair: D:8-11

Altars:
Cheibriados
Elyvilon
Kikubaaqudgha
Okawaru
Qazlal
Xom

Shops:
D:2 [   D:7 *   D:8 [

Annotations:
D:4 1 runed translucent door, Crazy Yiuf
D:8 3 runed translucent doors, Demosthentine's ghost, journeyman MfGl; Nausicaa's ghost, novice TrMo


Innate Abilities, Weirdness & Mutations

Your serpentine skin is tough. (AC +3)
You have supernaturally acute eyesight. (SInv)
Armour fits poorly on your strangely shaped body.
Your system is resistant to poisons. (rPois)
You cover ground very slowly.
You can spit poison.
You have a snake-like lower body.


Message History

Unknown command.
You barely miss the kobold.
Your ogre barely misses the kobold.
The kobold closely misses you. The wight hits you but does no damage.
Your ogre hits the kobold with a +0 giant club!!
The kobold dies!
Trog accepts your kill.
The wight hits you from afar with a +3 spear.
Unknown command.
Your ogre hits the wight with a +0 giant club.
The wight zaps a wand.
You resist with almost no effort. You block the wight's attack.
Your ogre closely misses the wight.
Things that are here:
a +0 whip; a +0 club; 6 poisoned darts You slash the wight!
You burn the wight.
You destroy the wight!
Trog accepts your kill.
Your ogre rages. x2
C - a wand of mindburst (15)
Things that are here:
a +3 spear; a +0 robe You hear a shout!
D - 6 poisoned darts
Things that are here:
a +0 whip; a +0 club A centaur warrior comes into view.
The centaur warrior wields a +0 shortbow.
The centaur warrior shoots an arrow.
The arrow hits you!
Your ogre rages.
You hear a shout!
The centaur warrior shoots an arrow.
The arrow hits you!!
* * * LOW HITPOINT WARNING * * *
The centaur warrior shoots an arrow.
The arrow hits your ogre!!
The centaur warrior shoots an arrow.
The arrow hits your ogre!
Your ogre closely misses the centaur warrior.
The centaur warrior shoots an arrow.
The arrow hits your ogre!
Your ogre dies!
Your ogre's corpse disappears in a puff of smoke!
There is an entrance to Rupnin's Antique Armour Shop here.
You feel better.
The centaur warrior shoots an arrow.
The arrow hits you!!
You die...

#......###.....)........#
.......###.......#....###
.........#.......#.#### ##
........###......### #.#
............8....######..###
..................)........#
.#.........#..>...8..#....#
.##.)......#....))))##....##
.###............@...).......
.#................))))..##..#
..........#.##8...<)))......#
##.......##. ##......)....###
####....## .......8#ยง...#
.......## ......#####c.##
#..###..###.....### ....
#............... ....#
#........... .# ..##


You could see a centaur warrior.

Vanquished Creatures
  Pikel (D:5)
  Prince Ribbit (D:5)
  Eustachio (D:4)
  2 steam dragons (D:6)
  Duvessa (D:6)
  2 water moccasins
  A hornet zombie (D:8)
  A sky beast (D:5)
  2 black bears (D:5)
  4 necrophages
  A centaur (D:5)
  3 lemures (D:5)
  3 elf zombies (Ossuary)
  3 kobold brigands
  3 bullfrogs
  A gnoll sergeant (D:8)
  A scorpion (D:5)
  A wyvern skeleton (D:5)
  A water moccasin skeleton (D:5)
  A water moccasin zombie (D:5)
  Dowan (D:6)
  4 killer bees (D:7)
  A howler monkey (D:8)
  3 wights (D:8)
  2 hounds
  2 human zombies (Ossuary)
  2 centaur skeletons (D:7)
  3 iguanas
  9 orc wizards
  A hound zombie (D:5)
  3 hound skeletons
  2 mummies (Ossuary)
  A howler monkey zombie (D:7)
  6 gnolls
  A howler monkey skeleton (D:5)
  9 adders
  A shadow imp (D:7)
  A white imp (D:6)
  An ufetubus (D:6)
  A dart slug (D:1)
  23 orcs
  6 bats
  A bat zombie (D:6)
  6 endoplasms
  3 giant cockroaches
  8 goblins
  3 hobgoblins
  7 jackals
  4 quokkas
  9 ball pythons
  2 frilled lizards (D:1)
  A goblin zombie (Ossuary)
  8 hobgoblin zombies (Ossuary)
  17 kobolds
  11 kobold zombies (Ossuary)
  9 orc zombies (Ossuary)
  7 rats
  4 rat zombies
217 creatures vanquished.

Vanquished Creatures (collateral kills)
  Maggie (D:7)
  A phantom (D:7)
  2 wights (D:8)
  2 kobolds (D:8)
6 creatures vanquished.

Vanquished Creatures (others)
  29 fungi
  8 plants
  A withered plant (D:8)
38 creatures vanquished.

Grand Total: 261 creatures vanquished

Notes
Turn   | Place    | Note
-------+----------+-------------------------------------------
     0 | D:1      | mandarbmax the Naga Berserker began the quest for the Orb.
     0 | D:1      | Reached XP level 1. HP: 21/21 MP: 1/1
   443 | D:1      | Reached XP level 2. HP: 21/28 MP: 2/2
   976 | D:1      | Reached XP level 3. HP: 34/34 MP: 3/3
  1455 | D:1      | Found a faded altar of an unknown god.
  1541 | D:2      | Found Hennesiuw's Armour Shoppe.
  1551 | D:2      | Reached ** piety under Trog
  1552 | D:2      | Reached skill level 4 in Axes
  1758 | D:2      | Reached XP level 4. HP: 38/42 MP: 4/4
  2624 | D:2      | Reached skill level 5 in Axes
  3151 | D:3      | Reached XP level 5. HP: 46/49 MP: 5/5
  3293 | D:3      | Found a white marble altar of Elyvilon.
  4342 | D:4      | Reached skill level 6 in Axes
  4577 | D:4      | Found an iron altar of Okawaru.
  4642 | D:4      | Reached XP level 6. HP: 47/56 MP: 6/6
  4985 | D:4      | Found a stormy altar of Qazlal.
  5151 | D:4      | Noticed Eustachio
  5582 | D:4      | Noticed a water moccasin
  5603 | D:4      | Killed a water moccasin
  5681 | D:4      | Reached XP level 7. HP: 60/62 MP: 7/7
  5892 | D:4      | Found a runed translucent door.
  5893 | D:4      | Noticed Crazy Yiuf
  5950 | D:4      | Killed Eustachio
  5951 | D:4      | Reached skill level 7 in Axes
  6071 | D:5      | Entered Level 5 of the Dungeon
  6207 | D:5      | Reached XP level 8. HP: 25/73 MP: 8/8
  6211 | D:5      | Reached skill level 8 in Axes
  6302 | D:5      | Reached skill level 5 in Fighting
  6315 | D:5      | Noticed Prince Ribbit
  6373 | D:5      | Found a sand-covered staircase.
  6379 | Ossuary  | Entered an ossuary
  6569 | Ossuary  | Reached *** piety under Trog
  6788 | Ossuary  | Reached skill level 9 in Axes
  7256 | Ossuary  | Reached XP level 9. HP: 50/81 MP: 9/9
  7536 | D:5      | Killed Prince Ribbit
  7780 | D:5      | Noticed Pikel
  7798 | D:5      | Killed Pikel
  7799 | D:5      | Reached skill level 10 in Axes
  7953 | D:5      | Reached skill level 5 in Dodging
  8903 | D:6      | Found a shimmering altar of Xom.
  8906 | D:6      | Noticed Duvessa
  8906 | D:6      | Noticed Dowan
  8916 | D:6      | Killed Dowan
  8922 | D:6      | Killed Duvessa
  9024 | D:6      | Found a snail-covered altar of Cheibriados.
  9395 | D:6      | Reached **** piety under Trog
  9795 | D:6      | Found an ancient bone altar of Kikubaaqudgha.
  9962 | D:7      | Reached XP level 10. HP: 65/91 MP: 10/10
 10170 | D:7      | Noticed Maggie
 10201 | D:7      | Killed Maggie
 10202 | D:7      | Reached skill level 11 in Axes
 10691 | D:7      | Found Ewki's Overcharged Wands.
 10993 | D:7      | Found a staircase to the Ecumenical Temple.
 11961 | D:8      | Found a runed translucent gate.
 11961 | D:8      | Found a runed translucent gate.
 11961 | D:8      | Noticed Nausicaa's ghost (novice TrMo)
 11962 | D:8      | Found a runed translucent gate.
 11962 | D:8      | Noticed Demosthentine's ghost (journeyman MfGl)
 11985 | D:8      | Found Rupnin's Antique Armour Shop.
 12021 | D:8      | Noticed a centaur warrior
 12023 | D:8      | Shot with an arrow by a centaur warrior

Illustrated notes

Levels and vault maps discovered:
D:1:      minmay_arrival_five_plusses, layout_basic,
          shapermc_ecumenical_altar_petra, minivault_23
D:2:      kennysheep_big_flooded_room, layout_basic, serial_shops, shop,
          eino_tiny_chamber, serial_bayou_ford_a, wad_floor_pattern_untrapped,
          kennysheep_doodads
D:3:      layout_basic, general_overflow_altar, minivault_24,
          chequers_serial_rivers_micro_b, serial_bayou_pond_b,
          hangedman_decor_push
D:4:      layout_basic, lemuel_coloured_pillars_altar,
          mainiacjoe_overflow_tiny_flanked, serial_park_tiny_2, uniq_eustachio,
          uniq_crazy_yiuf_cottage
D:5:      minmay_angry_zag, layout_basic, serial_rivers,
          chequers_serial_rivers_room_b, chequers_serial_rivers_room_b,
          chequers_serial_rivers_micro_c, chequers_serial_rivers_micro_c,
          chequers_serial_rivers_micro_e, lightli_ossuary_entry_decrepit_ruins,
          uniq_prince_ribbit1, uniq_pikel
D:6:      layout_basic, lemuel_zombie_altar_kikubaaqudgha,
          mainiacjoe_overflow_catch_the_wave, uniq_duvessa
D:7:      layout_basic, minmay_temple_entry_hall, minmay_door_square,
          nicolae_shop_overcharged_wands, uniq_maggie
D:8:      layout_cave_pools, gammafunk_ghost_cemetery,
          ebering_dispersal_statue_hall, fountainhead, nicolae_stop_n_shop_1,
          grunt_ministairs_14

Skill      XL: |  1  2  3  4  5  6  7  8  9 10 |
---------------+-------------------------------+-----
Armour         | 2 |  2.0
Dodging        | 2 3 4 5 6 |  6.0
Axes           | 4 5 6 7 9 10 11 | 11.4
Fighting       | 4 5 6 7 |  7.4

Action                   |  1- 3 |  4- 6 |  7- 9 | 10-12 || total
-------------------------+-------+-------+-------+-------++-------
Melee: Hand axe          |    69 |   163 |   481 |    34 ||   747
       Unarmed           |       |     5 |       |       ||     5
       Broad axe         |       |       |       |    65 ||    65
Invok: Berserk           |     2 |     5 |    10 |     7 ||    24
       Trog's Hand       |     1 |       |     3 |     1 ||     5
       Brothers in Arms  |       |       |       |     2 ||     2
 Abil: Spit Poison       |    19 |    29 |    17 |     4 ||    69
Evoke: Wand              |       |       |       |     1 ||     1
  Use: Scroll            |       |     7 |     7 |     1 ||    15
       Potion            |       |       |     3 |     3 ||     6
 Stab: Sleeping          |       |       |     1 |       ||     1
       Distracted        |       |       |     1 |       ||     1
       Invisible         |       |       |     1 |       ||     1
Armor: Animal skin       |    14 |    34 |    63 |       ||   111
       Skin              |       |       |    18 |       ||    18
       Steam dragon scal |       |       |    13 |     5 ||    18
       Swamp dragon scal |       |       |       |    28 ||    28
Dodge: Dodged            |    35 |    96 |   201 |    54 ||   386
Block: Kite shield       |       |       |       |    11 ||    11

Table legend: (Time is in decaauts)
 A = Elapsed time spent in this place.
 B = Non-inter-level travel time spent in this place.
 C = Inter-level travel time spent in this place.
 D = Time resting spent in this place.
 E = Time spent auto-exploring this place.
 F = Levels seen in this place.
 G = Mean time per level.
                   A        B        C        D        E       F      G
               +--------+--------+--------+--------+--------+-----+--------+
         Total |  14145 |  13799 |    346 |   3795 |   8170 |   9 | 1571.7 |
       Dungeon |  13046 |  12700 |    346 |   3550 |   7584 |   8 | 1630.8 |
       Ossuary |   1098 |   1098 |      0 |    245 |    586 |   1 | 1098.0 |
               +--------+--------+--------+--------+--------+-----+--------+

Top non-repeatable levels by time:
     D:4: 2380 daAuts
     D:1: 1817 daAuts
     D:6: 1783 daAuts
     D:5: 1597 daAuts
     D:2: 1592 daAuts
     D:3: 1535 daAuts
     D:7: 1331 daAuts
 Ossuary: 1098 daAuts
     D:8: 1008 daAuts
